 Dungeon Crawl Stone Soup version 0.31.0-9-g3a7656b989 (webtiles) character file.

Game seed: 5005904839412457494

154 qw the Ducker (level 5, 0/26 HPs)
             Began as a Spriggan Hunter on Feb 3, 2024.
             Killed by nerve-wracking pain
             ... invoked by Grinder
              (7 damage)
             ... on level 3 of the Dungeon.
             The game lasted 00:00:06 (1635 turns).

qw the Ducker (Spriggan Hunter)                     Turns: 1635, Time: 00:00:07

Health: 0/26       AC:  2    Str:  7    XL:     5   Next: 13%
Magic:  6/6        EV: 20    Int: 11    God:
Gold:   169        SH:  0    Dex: 20    Spells: 4/4 levels left

rFire   . . .        a - +1 shortbow
rCold   . . .        (shield currently unavailable)
rNeg    . . .        c - +0 robe
rPois   .            (helmet restricted)
rElec   .            (no cloak)
rCorr   .            (gloves unavailable)
SInv    +            (boots unavailable)
Will    .....        e - amulet of regeneration
Stlth   ++           (no ring)
HPRegen 1.04/turn    (no ring)
MPRegen 0.10/turn

%: no passive effects
@: very quick
A: very small, no large weapons, unfitting armour, see invisible, speed 3
a: no special abilities


You were on level 3 of the Dungeon.
You visited 1 branch of the dungeon, and saw 3 of its levels.

You collected 169 gold pieces.


Innate Abilities, Weirdness & Mutations

You are very small and have problems with some larger weapons.
You are too small for most types of armour.
You have supernaturally acute eyesight. (SInv)
You cover ground extremely quickly. (Speed+++)


   Skills:
 + Level 1.7 Fighting
 - Level 5.2 Ranged Weapons
 - Level 5.3 Dodging
 - Level 1.5 Stealth


You had 4 spell levels left.
You didn't know any spells.
Your spell library was empty.

Inventory:

Hand Weapons
 a - a +1 shortbow (weapon)
Armour
 c - a +0 robe (worn)
Jewellery
 e - an amulet of regeneration (around neck)
Wands
 b - a wand of paralysis (1)
 g - a wand of digging (4)
Scrolls
 d - a scroll of fear {unknown}
Potions
 f - 2 potions of curing {unknown}
 j - a potion of degeneration {unknown}

Dungeon Overview and Level Annotations

Branches:
Dungeon (3/15)

Altars:

Annotations:
D:2 1 runed translucent door, Crazy Yiuf
D:3 Grinder


Message History

The orc is almost dead.
You shoot an arrow. The arrow hits the orc.
You kill the orc!
You shoot an arrow. The arrow hits the orc.
The orc is moderately wounded.
You shoot an arrow. The arrow hits the orc!
You kill the orc!
Found an escape hatch in the floor.
Found a falchion.
Grinder and a rat come into view.
You shoot an arrow.
Grinder shouts!
The rat squeaks loudly.
The arrow hits Grinder but does no damage.
Grinder is moderately wounded.
Grinder blinks!
You shoot an arrow. The arrow hits Grinder!
Grinder is heavily wounded.
Grinder hits you.
You writhe in agony.
You shoot an arrow. The arrow hits Grinder.
Grinder is severely wounded.
Grinder gestures at you. You resist with some effort.
Grinder completely misses you.
You shoot an arrow. The orc wizard shouts!
The arrow hits Grinder.
Grinder is severely wounded.
Grinder hits you!
You shoot an arrow. The arrow hits Grinder.
Grinder is almost dead.
Grinder hits you.
You writhe in agony.
You shoot an arrow. The arrow barely misses Grinder.
The arrow hits the orc wizard.
The orc wizard is moderately wounded.
Grinder barely misses you. The rat closely misses you.
You shoot an arrow. The arrow hits Grinder.
Grinder is almost dead.
Grinder gestures at you. Pain shoots through your body!
You die...
Grinder says, "Hey, I wasn't done torturing you yet!"

### #.. #.# #.#
######### #.#
#.......###### #.#
#>##............###%##
#....@......)))...<...
#^.#r5#######....#..##
... #..# ####.#..## #
#.o# #.#.... #.).
.##.#.### #...
#.#...... #...
.......... .....
...........
............


You could see Grinder, an orc wizard and a rat.

Vanquished Creatures
  A howler monkey (D:3)
  Ijyb (D:3)
  2 adders
  3 dart slugs
  A ribbon worm (D:3)
  5 orcs
  6 bats
  2 endoplasms (D:2)
  4 giant cockroaches
  6 goblins
  6 hobgoblins
  3 jackals (D:3)
  2 kobolds
  4 quokkas
  4 ball pythons
  6 rats
56 creatures vanquished.

Notes
Turn   | Place    | Note
-------+----------+-------------------------------------------
     0 | D:1      | qw the Spriggan Hunter began the quest for the Orb.
     0 | D:1      | Reached XP level 1. HP: 10/10 MP: 2/2
     0 | D:1      | 0 ||| qw: Version: 0.3-a-155-g5e7d8dd
     0 | D:1      | 0 ||| qw: Game counter: 2906
     0 | D:1      | 0 ||| qw: Melee chars always use a shield: true
     0 | D:1      | 0 ||| qw: God list: Okawaru
     0 | D:1      | 0 ||| qw: Allow faded altars: false
     0 | D:1      | 0 ||| qw: Do Orc after clearing Dungeon:15 true
     0 | D:1      | 0 ||| qw: Do second Lair branch before Depths: true
     0 | D:1      | 0 ||| qw: Lair rune preference: random
     0 | D:1      | 0 ||| qw: Goals: Normal
     0 | D:1      | 0 ||| PLANNING D:1-11
    57 | D:1      | Reached skill level 3 in Dodging
    91 | D:1      | Reached XP level 2. HP: 14/14 MP: 3/3
   465 | D:1      | 465 ||| UPGRADING to amulet of regeneration.
   470 | D:1      | 470 ||| DROPPING scroll of butterflies.
   560 | D:2      | Reached XP level 3. HP: 18/18 MP: 4/4
   566 | D:2      | Identified the +2 leather armour of Dice, Bag, and Bottle
                  | {Regen+}
   864 | D:2      | Found a runed translucent door.
   865 | D:2      | Noticed Crazy Yiuf
  1176 | D:2      | 1176 ||| DROPPING ring of wizardry.
  1177 | D:2      | 1177 ||| READING scroll labelled QEONED IRAITUM.
  1178 | D:2      | 1178 ||| READING scroll labelled KUTHRA RORU.
  1178 | D:2      | 1178 ||| ENCHANTING +0 shortbow.
  1179 | D:2      | 1179 ||| READING scroll labelled EKIWNONEDA.
  1179 | D:2      | 1179 ||| IDENTIFYING viscous dark potion
  1180 | D:2      | 1180 ||| READING scroll labelled UHOULO HY PIRIY.
  1232 | D:2      | 1232 ||| DRINKING 2 glowing coppery potions.
  1233 | D:2      | 1233 ||| DROPPING potion of lignification.
  1234 | D:2      | 1234 ||| DROPPING potion of brilliance.
  1277 | D:3      | Noticed Ijyb
  1282 | D:3      | Paralysed by Ijyb for 2 turns
  1285 | D:3      | Killed Ijyb
  1286 | D:3      | Reached XP level 4. HP: 18/22 MP: 5/5
  1379 | D:3      | Noticed Grinder
  1387 | D:3      | 1387 ||| FLEEEEING.
  1388 | D:3      | 1388 ||| STAIRDANCE
  1392 | D:2      | 1392 ||| READING scroll of identify.
  1392 | D:2      | 1392 ||| IDENTIFYING coppery potion
  1393 | D:2      | 1393 ||| DROPPING potion of magic.
  1599 | D:3      | Reached XP level 5. HP: 25/25 MP: 6/6
  1633 | D:3      | HP: 5/26 [Grinder (3)]
  1635 | D:3      | Killed from afar by Grinder

Levels and vault maps discovered:
D:1:      dpeg_arrival_rooms_a, layout_rooms, interstate_on_off
D:2:      layout_loops_cross, uniq_crazy_yiuf_cottage
D:3:      layout_loops_ring, uniq_ijyb, uniq_grinder, uniq_robin

Skill      XL: |  1  2  3  4 |
---------------+-------------+-----
Dodging        | 3 4 5 |  5.3
Ranged Weapons | 5 |  5.2
Fighting       | |  1.7
Stealth        | |  1.5

Action                     |  1- 3 |  4- 6 || total
---------------------------+-------+-------++-------
   Fire: Shortbow          |    79 |    61 ||   140
    Use: Scroll            |     4 |     1 ||     5
         Potion            |     1 |       ||     1
 Armour: Robe              |     5 |     3 ||     8
  Dodge: Dodged            |    15 |    12 ||    27

Table legend:
 A = Non-vault XP
 B = Vault XP
 C = Vault XP percentage of total XP
 D = Non-vault monster count
 E = Vault monster count
 F = Vault count percentage of total count
                 A         B        C        D         E       F
            +---------+---------+-------+---------+---------+-------
      Total |     184 |      36 |  16.4 |      55 |       1 |   1.8
            +---------+---------+-------+---------+---------+-------
        D:1 |      31 |       0 |   0.0 |      18 |       0 |   0.0
        D:2 |      44 |       0 |   0.0 |      17 |       0 |   0.0
        D:3 |     109 |      36 |  24.8 |      20 |       1 |   4.8
            +---------+---------+-------+---------+---------+-------
